 Dungeon Crawl Stone Soup version 0.31-a0-174-g85c54bcb58 (webtiles) character file.

Game seed: 8986729763805798589

28854 qw the Blocker (level 13, 0/80 HPs)
             Began as a Gargoyle Fighter on June 15, 2023.
             Was an Elder of Okawaru.
             Slain by a lindwurm (4 damage)
             ... summoned by Kirke
             ... on level 4 of the Lair of Beasts.
             The game lasted 00:05:49 (11965 turns).

qw the Blocker (Gargoyle Fighter)                  Turns: 11965, Time: 00:05:49

Health: 0/80       AC:  0    Str: 25    XL:     13   Next: 41%
Magic:  20/20      EV: 16    Int:  9    God:    Okawaru [****..]
Gold:   745        SH:  0    Dex:  9    Spells: 12/12 levels left

rFire   . . .        Y - melded +3 war axe (venom)
rCold   . . .        t - melded +0 tower shield
rNeg    + . .        c - melded +0 plate armour
rPois   inf          (helmet currently unavailable)
rElec   .            l - melded +0 cloak
rCorr   .            i - melded +0 pair of gloves of Insatiable Hunger {Rampage rF+ rC+ Slay+3}
SInv    .            p - melded +3 pair of seven-league boots {Rampage+∞}
Will    .....        (no amulet)
Stlth   +++          g - melded ring of protection from cold
HPRegen 0.33/turn    m - melded +4 ring of slaying {mikee}
MPRegen 0.17/turn

%: no passive effects
@: pig-form, heroic, slowed
A: fast, no casting, sickness immunity, AC +9, small, negative energy resistance
1, (electricity resistance), torment resistance 1, petrification resistance
a: Renounce Religion, Heroism, Finesse


You were on level 4 of the Lair of Beasts.
You worshipped Okawaru.
Okawaru was greatly pleased with you.
You were a filthy swine.
You visited 3 branches of the dungeon, and saw 13 of its levels.
You also visited: Sewer.

You collected 745 gold pieces.


Innate Abilities, Weirdness & Mutations

You are a filthy swine.
You move quickly.
Your equipment is almost entirely melded.
You are incapable of wielding weapons or throwing items.
You cannot cast spells.
You are immune to sickness and miasma.
((Your stone body is resilient. (AC +9)))
You are immune to poison.
You resist negative energy. (rN+)
((You are resistant to electric shocks. (rElec)))
You are resistant to unholy torment.
You are immune to petrification.


   Skills:
 - Level 9.0(14.0) Fighting
 - Level 12.0(17.0) Axes
 - Level 3.5(8.5) Throwing
 - Level 9.0(14.0) Armour
 - Level 2.0(7.0) Dodging
 + Level 12.6(17.6) Shields
 - Level 10.0 Invocations


You had 12 spell levels left.
You didn't know any spells.
Your spell library was empty.

Inventory:

Hand Weapons
 q - a +0 heavy flail
 Y - a +3 war axe of venom (melded)
Missiles
 u - a javelin
 v - a silver javelin
Armour
 c - a +0 plate armour (melded)
 i - the +0 pair of gloves of Insatiable Hunger (melded) {Rampage rF+ rC+ Slay+3}
   (You found it on level 2 of the Dungeon)

   Slay:      It affects your accuracy & damage with ranged weapons and melee
   (+3).
   rF:        It protects you from fire.
   rC:        It protects you from cold.
   Rampage:   It bestows one free step when moving towards enemies.
 l - a +0 cloak (melded)
 p - the +3 pair of seven-league boots (melded) {Rampage+∞}
   (You acquired it on level 8 of the Dungeon)

   Rampage+∞: When moving toward enemies, its wearer moves as far as possible,
   alerting their target en route.
 t - a +0 tower shield (melded)
Jewellery
 g - a ring of protection from cold (melded)
 m - a +4 ring of slaying (melded) {mikee}
 s - a ring of fire
Scrolls
 a - 3 scrolls of identify
 o - 3 scrolls of teleportation
Potions
 d - 3 potions of might
 e - 4 potions of lignification
 f - 2 potions of haste
 h - 4 potions of curing
 j - 2 potions of attraction
 n - a potion of mutation
 r - 2 potions of magic

Dungeon Overview and Level Annotations

Branches:
Dungeon (8/15)             Temple (1/1) D:6            Lair (4/5) D:8
  Swamp (0/4) Lair:3        Snake (0/4) Lair:2        Sewer (visited)
  Slime: Lair:4-5

Altars:
Cheibriados
Fedhas
Gozag
Hepliaklqana
Kikubaaqudgha
Makhleb
Okawaru
Qazlal
Ru
Sif Muna
Trog
Uskayaw
Vehumet
Xom
Yredelemnul
Zin
The Shining One

Shops:
D:5 [   D:8 *

Annotations:
Lair:4 1 runed translucent door, Kirke; qw's ghost, journeyman GrHu


Message History

Your +0 tower shield melds into your body.
Your +0 plate armour melds into your body.
Your ring of protection from cold melds into your body.
Your +4 ring of slaying {mikee} melds into your body.
Your +3 war axe of venom stops dripping with poison.
You no longer feel ready to stride towards your foes.
You hit Kirke.
Kirke is heavily wounded.
Kirke hits you! Kirke misses you.
You closely miss Kirke.
Kirke is heavily wounded.
Kirke casts a spell at you.
You feel a momentary urge to oink.
You barely miss Kirke.
Kirke is heavily wounded.
Kirke casts a spell.
Kirke summons a lindwurm!
You closely miss Kirke.
Kirke is heavily wounded.
Kirke misses you. The lindwurm misses you. The lindwurm barely misses you.
The lindwurm claws you.
You bite Kirke!
Kirke is severely wounded.
Kirke hits you! The lindwurm bites you. The lindwurm closely misses you. x2
You closely miss Kirke.
Kirke is severely wounded.
Kirke hits you! The lindwurm breathes flames at you.
The blast of flame misses you.
You hit Kirke.
Kirke is severely wounded.
Kirke hits you. The lindwurm barely misses you.
The lindwurm closely misses you. The lindwurm completely misses you.
You hit Kirke.
Kirke is almost dead.
Kirke splashes a potion.
Kirke gestures at you while chanting.
You struggle to resist.
The lindwurm bites you! The lindwurm claws you! The lindwurm claws you.
You die...

##).7P77.77 77.77...........
#)).77 ..7.7.7.7...........
#.7..7 7..P77.............
#.7.7.7...P.77.7...........
##.77777777?.7P77#P..####...
#P..7P7.777.7..7 ###.####...
#......77..777.# ###.#......
#P....77.7k7...###..........
##....7 7¤¤h77..##....#.#...
#.....77777@¤....>....##....
#....##.............#####...
##...#...PP.....##..####....
#.....#.........P#.)....#...
#....#.###..................
##...##.##..................
#..............(............
#...........................


You could see Kirke (very poisoned) and a lindwurm (summoned).

Vanquished Creatures
  Fannar (Lair:1)
  4 hydras
  A two-headed ogre (D:8)
  A skyshark (Lair:2)
  2 oklob plants
  7 elephants
  A torpor snail (Lair:1)
  12 cane toads
  2 rime drakes
  6 komodo dragons
  2 trolls
  15 blink frogs
  5 wyverns
  25 yaks
  6 spriggans (Lair:4)
  3 basilisks
  A steam dragon (Lair:1)
  6 hogs (Lair:4)
  4 nagas (Lair:2)
  4 water moccasins
  Pargi (Sewer)
  An orc warrior (D:8)
  12 ice beasts
  5 black bears
  A centaur (D:7)
  An ogre (D:5)
  9 wolves
  A phantom (D:4)
  A kobold brigand (D:8)
  10 bullfrogs
  6 scorpions
  12 wights
  A howler monkey (D:8)
  3 jellies
  2 orc priests (D:5)
  4 hounds
  2 iguanas
  2 sleepcaps
  Natasha (thrice) (D:4)
  Terence (D:3)
  An orc wizard (D:8)
  4 gnolls
  10 adders
  A river rat (D:6)
  3 white imps
  2 ufetubi (D:4)
  3 worms
  3 dart slugs
  15 orcs
  A bat (D:2)
  8 endoplasms
  7 giant cockroaches
  4 goblins
  5 hobgoblins
  5 jackals
  4 quokkas
  7 ball pythons
  3 frilled lizards (D:1)
  14 kobolds
  5 rats
291 creatures vanquished.

Notes
Turn   | Place    | Note
-------+----------+-------------------------------------------
     0 | D:1      | qw the Gargoyle Fighter began the quest for the Orb.
     0 | D:1      | Reached XP level 1. HP: 14/14 MP: 1/1
     0 | D:1      | 0 ||| qw: Version: 0.2-a-29-g511e9b1
     0 | D:1      | 0 ||| qw: Game counter: 5551
     0 | D:1      | 0 ||| qw: Always use a shield: true
     0 | D:1      | 0 ||| qw: God list: Okawaru
     0 | D:1      | 0 ||| qw: Allow faded altars: false
     0 | D:1      | 0 ||| qw: Do Orc after D:15 true
     0 | D:1      | 0 ||| qw: Do second Lair branch before Depths: true
     0 | D:1      | 0 ||| qw: Lair rune preference: random
     0 | D:1      | 0 ||| qw: Plans: Normal, Zot:1-4, Slime:5, God:TSO, Crypt,
                  | Tomb, Abyss, Pan, Hells, Win
     0 | D:1      | 0 ||| PLANNING D:1-11
    39 | D:1      | 39 ||| Stepping ~*~*~tactically~*~*~ (hiding).
   227 | D:1      | 227 ||| Stepping ~*~*~tactically~*~*~ (stealth).
   233 | D:1      | Reached XP level 2. HP: 19/19 MP: 2/2
   261 | D:1      | 261 ||| FLEEEEING.
   262 | D:1      | 262 ||| FLEEEEING.
   273 | D:1      | 273 ||| FLEEEEING.
   274 | D:1      | 274 ||| FLEEEEING.
   275 | D:1      | 275 ||| FLEEEEING.
   276 | D:1      | 276 ||| FLEEEEING.
   277 | D:1      | 277 ||| FLEEEEING.
   485 | D:1      | 485 ||| Stepping ~*~*~tactically~*~*~ (hiding).
   590 | D:1      | 590 ||| Stepping ~*~*~tactically~*~*~ (stealth).
   601 | D:1      | Reached skill level 3 in Axes
   607 | D:1      | Reached XP level 3. HP: 23/23 MP: 3/3
   762 | D:1      | Found a blossoming altar of Fedhas.
   768 | D:1      | 768 ||| READING 2 scrolls labelled FIREEZYDAC.
   769 | D:1      | 769 ||| READING scroll labelled QELACZ BUFFYA.
   774 | D:1      | 774 ||| READING scroll labelled IWIAZX VURUA.
   775 | D:1      | 775 ||| READING scroll labelled TAONEA HALIPEW.
   776 | D:1      | 776 ||| READING scroll labelled WIPLUTZ VATHRO.
   777 | D:1      | 777 ||| DRINKING 2 smoky silvery potions.
   928 | D:2      | 928 ||| DROPPING +0 club.
   980 | D:2      | Identified the +0 pair of gloves of Insatiable Hunger
                  | {Rampage rF+ rC+ Slay+3}
  1113 | D:2      | 1113 ||| Stepping ~*~*~tactically~*~*~ (stealth).
  1441 | D:2      | 1441 ||| UPGRADING to +0 pair of gloves of Insatiable
                  | Hunger {Rampage rF+ rC+ Slay+3}.
  1446 | D:2      | 1446 ||| READING scroll labelled PERROM INI.
  1447 | D:2      | 1447 ||| READING 3 scrolls of identify.
  1447 | D:2      | 1447 ||| IDENTIFYING amethyst potion
  1448 | D:2      | 1448 ||| READING 2 scrolls of identify.
  1448 | D:2      | 1448 ||| IDENTIFYING fuming cyan potion
  1449 | D:2      | 1449 ||| DROPPING potion of enlightenment.
  1478 | D:3      | Reached XP level 4. HP: 28/28 MP: 4/4
  1601 | D:3      | Noticed Terence
  1605 | D:3      | Killed Terence
  1622 | D:3      | 1622 ||| DROPPING +0 whip.
  1718 | D:3      | Identified the +3 leather armour "Zistanih" {*Slow Str+4
                  | Dex+7 SInv}
  1813 | D:3      | Found a faded altar of an unknown god.
  1818 | D:3      | Reached XP level 5. HP: 32/32 MP: 5/5
  1935 | D:3      | 1935 ||| UPGRADING to +0 chain mail.
  1945 | D:3      | 1945 ||| DROPPING +0 scale mail.
  1946 | D:3      | 1946 ||| DRINKING 2 clear potions.
  2067 | D:4      | 2067 ||| Stepping ~*~*~tactically~*~*~ (stealth).
  2087 | D:4      | 2087 ||| Stepping ~*~*~tactically~*~*~ (stealth).
  2088 | D:4      | 2088 ||| Stepping ~*~*~tactically~*~*~ (stealth).
  2089 | D:4      | 2089 ||| Stepping ~*~*~tactically~*~*~ (stealth).
  2115 | D:4      | Reached XP level 6. HP: 15/38 MP: 6/6
  2119 | D:4      | HP: 6/38 [wight/+0 flail (4)]
  2120 | D:4      | 2120 ||| DRINKING potion of heal wounds.
  2134 | D:4      | 2134 ||| Stepping ~*~*~tactically~*~*~ (stealth).
  2135 | D:4      | 2135 ||| Stepping ~*~*~tactically~*~*~ (stealth).
  2136 | D:4      | 2136 ||| Stepping ~*~*~tactically~*~*~ (stealth).
  2184 | D:4      | Found a bloodstained altar of Trog.
  2185 | D:4      | Noticed Natasha
  2192 | D:4      | Killed Natasha
  2201 | D:4      | 2201 ||| Stepping ~*~*~tactically~*~*~ (stealth).
  2202 | D:4      | 2202 ||| Stepping ~*~*~tactically~*~*~ (stealth).
  2216 | D:4      | Reached skill level 6 in Axes
  2220 | D:4      | 2220 ||| Stepping ~*~*~tactically~*~*~ (hiding).
  2243 | D:4      | 2243 ||| Stepping ~*~*~tactically~*~*~ (stealth).
  2267 | D:4      | Noticed Natasha
  2277 | D:4      | Killed Natasha
  2278 | D:4      | Reached skill level 1 in Dodging
  2292 | D:4      | Noticed Natasha
  2293 | D:4      | 2293 ||| Stepping ~*~*~tactically~*~*~ (hiding).
  2301 | D:4      | Killed Natasha
  2302 | D:4      | Reached XP level 7. HP: 34/43 MP: 7/7
  2520 | D:4      | 2520 ||| Stepping ~*~*~tactically~*~*~ (stealth).
  2589 | D:4      | 2589 ||| Stepping ~*~*~tactically~*~*~ (stealth).
  2685 | D:4      | 2685 ||| Stepping ~*~*~tactically~*~*~ (hiding).
  3007 | D:4      | 3007 ||| UPGRADING to +2 kite shield.
  3017 | D:4      | 3017 ||| DROPPING +0 buckler.
  3018 | D:4      | 3018 ||| DRINKING 2 bubbling blue potions.
  3019 | D:4      | 3019 ||| DROPPING potion of degeneration.
  3041 | D:5      | Entered Level 5 of the Dungeon
  3115 | D:5      | Found Qet Awiny's Armour Boutique.
  3119 | D:5      | 3119 ||| SHOPLISTING +2 cloak of poison resistance (240
                  | gold, have 227).
  3211 | D:5      | HP: 6/43 [ogre/+0 giant club (12)]
  3214 | D:5      | Reached XP level 8. HP: 7/48 MP: 8/8
  3265 | D:5      | 3265 ||| FLEEEEING.
  3268 | D:5      | Found a basalt altar of Yredelemnul.
  3271 | D:5      | 3271 ||| FLEEEEING.
  3272 | D:5      | 3272 ||| FLEEEEING.
  3273 | D:5      | 3273 ||| FLEEEEING.
  3419 | D:5      | 3419 ||| Stepping ~*~*~tactically~*~*~ (stealth).
  3426 | D:5      | 3426 ||| Stepping ~*~*~tactically~*~*~ (hiding).
  3622 | D:5      | 3622 ||| Stepping ~*~*~tactically~*~*~ (stealth).
  3662 | D:5      | 3662 ||| Stepping ~*~*~tactically~*~*~ (stealth).
  3664 | D:5      | 3664 ||| Stepping ~*~*~tactically~*~*~ (hiding).
  3672 | D:5      | 3672 ||| Stepping ~*~*~tactically~*~*~ (hiding).
  3704 | D:5      | 3704 ||| FLEEEEING.
  3705 | D:5      | 3705 ||| FLEEEEING.
  3906 | D:5      | Reached skill level 6 in Shields
  4102 | D:5      | 4102 ||| UPGRADING to +0 plate armour.
  4112 | D:5      | 4112 ||| DROPPING +0 chain mail.
  4113 | D:5      | 4113 ||| UPGRADING to +0 cloak.
  4118 | D:5      | 4118 ||| READING 2 scrolls labelled SIEKARCH ICZURU.
  4119 | D:5      | 4119 ||| READING scroll of enchant weapon.
  4119 | D:5      | 4119 ||| ENCHANTING +1 war axe of venom.
  4120 | D:5      | 4120 ||| READING scroll labelled POWKISCH WUEB.
  4149 | D:6      | 4149 ||| PLANNING SEWER
  4165 | D:6      | Found a radiant altar of Vehumet.
  4165 | D:6      | Found a blossoming altar of Fedhas.
  4325 | D:6      | Found a staircase to the Ecumenical Temple.
  4570 | D:6      | 4570 ||| Stepping ~*~*~tactically~*~*~ (stealth).
  4571 | D:6      | 4571 ||| Stepping ~*~*~tactically~*~*~ (stealth).
  4578 | D:6      | 4578 ||| Stepping ~*~*~tactically~*~*~ (hiding).
  4580 | D:6      | 4580 ||| Stepping ~*~*~tactically~*~*~ (hiding).
  4581 | D:6      | 4581 ||| Stepping ~*~*~tactically~*~*~ (hiding).
  4589 | D:6      | Reached skill level 1 in Throwing
  4623 | D:6      | 4623 ||| DROPPING +0 flail.
  4693 | D:6      | Found a glowing drain.
  4697 | D:6      | 4697 ||| READING scroll labelled KANOTE IKKOU.
  4702 | D:6      | 4702 ||| Stepping ~*~*~tactically~*~*~ (water).
  4713 | Sewer    | Entered a sewer
  4832 | Sewer    | Noticed Pargi
  4838 | Sewer    | Killed Pargi
  4839 | Sewer    | Reached XP level 9. HP: 39/54 MP: 9/9
  4891 | Sewer    | 4891 ||| READING scroll labelled CABUERYH KITA.
  4905 | D:6      | 4905 ||| PLANNING TEMPLE
  4924 | Temple   | Entered the Ecumenical Temple
  5097 | Temple   | 5097 ||| PLANNING OKAWARU WORSHIP
  5154 | Temple   | Became a worshipper of Warmaster Okawaru
  5155 | Temple   | 5155 ||| PLANNING D:1-11
  5258 | D:6      | Noticed a troll
  5263 | D:6      | Killed a troll
  5502 | D:6      | 5502 ||| READING scroll labelled XAASTR MOXO.
  5503 | D:6      | 5503 ||| DRINKING 2 glowing grey potions.
  5504 | D:6      | 5504 ||| READING 5 scrolls of identify.
  5504 | D:6      | 5504 ||| IDENTIFYING black potion
  5505 | D:6      | 5505 ||| READING 4 scrolls of identify.
  5505 | D:6      | 5505 ||| IDENTIFYING viscous golden potion
  5506 | D:6      | 5506 ||| DROPPING potion of invisibility.
  5507 | D:6      | 5507 ||| DROPPING potion of brilliance.
  5508 | D:6      | 5508 ||| DROPPING potion of berserk rage.
  5669 | D:7      | Reached skill level 6 in Fighting
  5878 | D:7      | Reached * piety under Okawaru
  5892 | D:7      | Reached skill level 1 in Invocations
  6139 | D:7      | Reached skill level 3 in Invocations
  6485 | D:7      | 6485 ||| UPGRADING to ring of protection from cold.
  6486 | D:7      | 6486 ||| READING 2 scrolls labelled YLOSID FIANKON.
  6487 | D:7      | 6487 ||| READING 3 scrolls of identify.
  6487 | D:7      | 6487 ||| IDENTIFYING smoky black potion
  6488 | D:7      | 6488 ||| DROPPING scroll of fog.
  6545 | D:8      | 6545 ||| INVOKING Heroism.
  6626 | D:8      | Noticed a two-headed ogre
  6627 | D:8      | 6627 ||| INVOKING Heroism.
  6633 | D:8      | Killed a two-headed ogre
  6634 | D:8      | Reached skill level 9 in Axes
  6634 | D:8      | Reached XP level 10. HP: 46/60 MP: 9/13
  6765 | D:8      | 6765 ||| READING scroll of enchant weapon.
  6765 | D:8      | 6765 ||| ENCHANTING +2 war axe of venom.
  6804 | D:8      | Found Linus's Elemental Accessories.
  6846 | D:8      | 6846 ||| Stepping ~*~*~tactically~*~*~ (hiding).
  6852 | D:8      | 6852 ||| INVOKING Heroism.
  6854 | D:8      | 6854 ||| Stepping ~*~*~tactically~*~*~ (hiding).
  6919 | D:8      | 6919 ||| Stepping ~*~*~tactically~*~*~ (stealth).
  6920 | D:8      | 6920 ||| Stepping ~*~*~tactically~*~*~ (stealth).
  6923 | D:8      | 6923 ||| Stepping ~*~*~tactically~*~*~ (stealth).
  6930 | D:8      | Reached skill level 6 in Armour
  6938 | D:8      | 6938 ||| INVOKING Heroism.
  6940 | D:8      | Reached ** piety under Okawaru
  6954 | D:8      | Reached skill level 9 in Shields
  6963 | D:8      | Reached *** piety under Okawaru
  6971 | D:8      | 6971 ||| INVOKING Heroism.
  7058 | D:8      | Found a staircase to the Lair.
  7522 | D:8      | 7522 ||| PLANNING LAIR
  7522 | D:8      | 7522 ||| READING scroll labelled XORUFFOFU.
  7522 | D:8      | Identified a scroll of acquirement
  7522 | D:8      | 7522 ||| ACQUIRING +3 pair of seven-league boots
                  | {Rampage+∞}
  7522 | D:8      | Acquired the +3 pair of seven-league boots {Rampage+∞}
  7522 | D:8      | Found the +3 pair of seven-league boots {Rampage+∞}
  7524 | D:8      | 7524 ||| UPGRADING to +3 pair of seven-league boots
                  | {Rampage+∞}.
  7529 | D:8      | 7529 ||| READING 2 scrolls of identify.
  7529 | D:8      | 7529 ||| IDENTIFYING white potion
  7552 | Lair:1   | Entered Level 1 of the Lair of Beasts
  7563 | Lair:1   | Noticed a torpor snail
  7564 | Lair:1   | 7564 ||| Stepping ~*~*~tactically~*~*~ (stealth).
  7569 | Lair:1   | Reached XP level 11. HP: 67/67 MP: 14/14
  7580 | Lair:1   | 7580 ||| INVOKING Heroism.
  7677 | Lair:1   | 7677 ||| INVOKING Heroism.
  7723 | Lair:1   | 7723 ||| INVOKING Heroism.
  7842 | Lair:1   | 7842 ||| INVOKING Heroism.
  7897 | Lair:1   | Received a gift from Okawaru
  7947 | Lair:1   | 7947 ||| INVOKING Heroism.
  8035 | Lair:1   | 8035 ||| Stepping ~*~*~tactically~*~*~ (stealth).
  8037 | Lair:1   | 8037 ||| Stepping ~*~*~tactically~*~*~ (stealth).
  8050 | Lair:1   | Noticed Fannar
  8055 | Lair:1   | 8055 ||| INVOKING Heroism.
  8059 | Lair:1   | Reached **** piety under Okawaru
  8076 | Lair:1   | Killed Fannar
  8274 | Lair:1   | 8274 ||| INVOKING Heroism.
  8445 | Lair:1   | Noticed an oklob plant
  8446 | Lair:1   | 8446 ||| INVOKING Heroism.
  8458 | Lair:1   | Killed an oklob plant
  8747 | Lair:1   | Reached skill level 6 in Invocations
  8984 | Lair:2   | 8984 ||| INVOKING Heroism.
  8986 | Lair:2   | Reached skill level 3 in Throwing
  8994 | Lair:2   | Received a gift from Okawaru
  9038 | Lair:2   | 9038 ||| INVOKING Heroism.
  9059 | Lair:2   | 9059 ||| Stepping ~*~*~tactically~*~*~ (stealth).
  9071 | Lair:2   | 9071 ||| Stepping ~*~*~tactically~*~*~ (stealth).
  9074 | Lair:2   | 9074 ||| Stepping ~*~*~tactically~*~*~ (stealth).
  9080 | Lair:2   | Reached XP level 12. HP: 73/73 MP: 16/16
  9098 | Lair:2   | Found a staircase to the Snake Pit.
  9115 | Lair:2   | 9115 ||| INVOKING Heroism.
  9214 | Lair:2   | Noticed a skyshark
  9227 | Lair:2   | Killed a skyshark
  9303 | Lair:2   | 9303 ||| INVOKING Heroism.
  9313 | Lair:2   | Reached skill level 9 in Fighting
  9399 | Lair:2   | 9399 ||| Stepping ~*~*~tactically~*~*~ (stealth).
  9400 | Lair:2   | 9400 ||| Stepping ~*~*~tactically~*~*~ (stealth).
  9402 | Lair:2   | 9402 ||| INVOKING Heroism.
  9489 | Lair:2   | 9489 ||| Stepping ~*~*~tactically~*~*~ (stealth).
  9493 | Lair:2   | 9493 ||| INVOKING Heroism.
  9495 | Lair:2   | 9495 ||| Stepping ~*~*~tactically~*~*~ (stealth).
  9526 | Lair:2   | 9526 ||| INVOKING Heroism.
  9615 | Lair:2   | 9615 ||| Stepping ~*~*~tactically~*~*~ (hiding).
  9619 | Lair:2   | 9619 ||| Stepping ~*~*~tactically~*~*~ (stealth).
  9995 | Lair:2   | 9995 ||| Stepping ~*~*~tactically~*~*~ (stealth).
  9997 | Lair:2   | 9997 ||| INVOKING Heroism.
 10032 | Lair:2   | 10032 ||| DROPPING ring of flight.
 10033 | Lair:2   | 10033 ||| READING 3 scrolls of identify.
 10033 | Lair:2   | 10033 ||| IDENTIFYING puce potion
 10053 | Lair:3   | 10053 ||| INVOKING Heroism.
 10084 | Lair:3   | Found a staircase to the Swamp.
 10100 | Lair:3   | 10100 ||| INVOKING Heroism.
 10220 | Lair:3   | Reached skill level 12 in Axes
 10220 | Lair:3   | Reached skill level 9 in Invocations
 10291 | Lair:3   | Noticed a five-headed hydra
 10292 | Lair:3   | 10292 ||| Stepping ~*~*~tactically~*~*~ (stealth).
 10298 | Lair:3   | Received a gift from Okawaru
 10301 | Lair:3   | 10301 ||| FLEEEEING.
 10302 | Lair:3   | 10302 ||| FLEEEEING.
 10303 | Lair:3   | 10303 ||| FLEEEEING.
 10304 | Lair:3   | 10304 ||| FLEEEEING.
 10305 | Lair:3   | 10305 ||| FLEEEEING.
 10306 | Lair:3   | 10306 ||| FLEEEEING.
 10307 | Lair:3   | 10307 ||| FLEEEEING.
 10308 | Lair:3   | 10308 ||| FLEEEEING.
 10309 | Lair:3   | 10309 ||| FLEEEEING.
 10310 | Lair:3   | 10310 ||| FLEEEEING.
 10312 | Lair:3   | 10312 ||| FLEEEEING.
 10313 | Lair:3   | 10313 ||| FLEEEEING.
 10314 | Lair:3   | 10314 ||| FLEEEEING.
 10316 | Lair:3   | 10316 ||| FLEEEEING.
 10317 | Lair:3   | 10317 ||| FLEEEEING.
 10318 | Lair:3   | 10318 ||| FLEEEEING.
 10319 | Lair:3   | 10319 ||| FLEEEEING.
 10322 | Lair:3   | 10322 ||| FLEEEEING.
 10323 | Lair:3   | 10323 ||| FLEEEEING.
 10324 | Lair:3   | 10324 ||| FLEEEEING.
 10325 | Lair:3   | 10325 ||| FLEEEEING.
 10326 | Lair:3   | 10326 ||| FLEEEEING.
 10327 | Lair:3   | 10327 ||| FLEEEEING.
 10328 | Lair:3   | 10328 ||| FLEEEEING.
 10329 | Lair:3   | 10329 ||| FLEEEEING.
 10330 | Lair:3   | 10330 ||| FLEEEEING.
 10331 | Lair:3   | 10331 ||| FLEEEEING.
 10332 | Lair:3   | 10332 ||| FLEEEEING.
 10333 | Lair:3   | 10333 ||| FLEEEEING.
 10334 | Lair:3   | 10334 ||| FLEEEEING.
 10335 | Lair:3   | 10335 ||| FLEEEEING.
 10336 | Lair:3   | 10336 ||| INVOKING Heroism.
 10337 | Lair:3   | 10337 ||| SWAPPING to +0 heavy flail.
 10344 | Lair:3   | Killed a five-headed hydra
 10426 | Lair:3   | 10426 ||| UPGRADING to +3 war axe of venom.
 10582 | Lair:3   | Reached skill level 9 in Armour
 10644 | Lair:3   | 10644 ||| INVOKING Heroism.
 10775 | Lair:3   | Reached XP level 13. HP: 80/80 MP: 20/20
 11042 | Lair:3   | 11042 ||| UPGRADING to +0 tower shield.
 11052 | Lair:3   | 11052 ||| DROPPING +2 kite shield.
 11053 | Lair:3   | 11053 ||| UPGRADING to +4 ring of slaying {mikee}.
 11093 | Lair:4   | 11093 ||| INVOKING Heroism.
 11184 | Lair:4   | 11184 ||| INVOKING Heroism.
 11206 | Lair:4   | Reached ***** piety under Okawaru
 11274 | Lair:4   | 11274 ||| INVOKING Heroism.
 11278 | Lair:4   | 11278 ||| SWAPPING to +0 heavy flail.
 11280 | Lair:4   | 11280 ||| UPGRADING to +3 war axe of venom.
 11307 | Lair:4   | Noticed qw's ghost (journeyman GrHu)
 11309 | Lair:4   | Found a runed translucent door.
 11346 | Lair:4   | 11346 ||| INVOKING Heroism.
 11350 | Lair:4   | 11350 ||| SWAPPING to +0 heavy flail.
 11388 | Lair:4   | 11388 ||| UPGRADING to +3 war axe of venom.
 11479 | Lair:4   | Reached skill level 12 in Shields
 11480 | Lair:4   | Noticed Kirke
 11481 | Lair:4   | 11481 ||| INVOKING Heroism.
 11499 | Lair:4   | 11499 ||| INVOKING Finesse.
 11503 | Lair:4   | HP: 16/80 [Kirke (8)]
 11504 | Lair:4   | 11504 ||| READING 4 scrolls of teleportation.
 11505 | Lair:4   | 11505 ||| DRINKING 2 potions of heal wounds.
 11506 | Lair:4   | 11506 ||| DRINKING potion of heal wounds.
 11946 | Lair:4   | 11946 ||| Stepping ~*~*~tactically~*~*~ (stealth).
 11947 | Lair:4   | 11947 ||| Stepping ~*~*~tactically~*~*~ (stealth).
 11948 | Lair:4   | 11948 ||| Stepping ~*~*~tactically~*~*~ (stealth).
 11951 | Lair:4   | 11951 ||| INVOKING Heroism.
 11965 | Lair:4   | HP: 14/80 [lindwurm[Kirke] (11)]
 11965 | Lair:4   | HP: 4/80 [lindwurm[Kirke] (10)]
 11965 | Lair:4   | Slain by a lindwurm

Levels and vault maps discovered:
D:1:      dpeg_arrival_water_altar, layout_rooms
D:2:      layout_loops_ring
D:3:      layout_basic, shapermc_ecumenical_altar_acropolis, uniq_terence
D:4:      layout_basic, lemuel_doored_altar, serial_rivers,
          chequers_serial_rivers_micro_d, chequers_serial_rivers_marsh,
          chequers_serial_rivers_small_b, chequers_serial_rivers_room_b,
          chequers_serial_rivers_micro_c, chequers_serial_rivers_marsh,
          uniq_natasha
D:5:      layout_rooms, mainiacjoe_overflow_cross_hatched, serial_shops,
          nicolae_shop_back_alley_shop, chequers_serial_rivers_room_a,
          chequers_serial_rivers_small_a, minmay_misc_feat_ornament,
          kennysheep_diamond, dk_rats_in_the_wall
D:6:      layout_loops_corners, jmf_multi_god_temple,
          minmay_temple_entry_arrows, cheibrodos_sewer_entry_sluice,
          st_stairs_8, minmay_microvault
D:7:      layout_layer_cave
D:8:      layout_basic, hellmonk_lair_entry_icy, nicolae_elemental_shop,
          kennysheep_generic_room_7
Temple:   nicolae_temple_figure_eight
Lair:1:   layout_cave_pods, st_stairs_13, grunt_megastairs_4, uniq_fannar
Lair:2:   layout_gridlike, minmay_snake_entry_guardpost_small,
          grunt_megastairs_1
Lair:3:   layout_roguey, swamp_mist_pool, cheibrodos_lair_caveside_slide
Lair:4:   layout_regular_city, gammafunk_ghost_grave, minivault_26,
          wad_woods_01, uniq_kirke

Skill      XL: |  1  2  3  4  5  6  7  8  9 10 11 12 13 |
---------------+----------------------------------------+-----
Axes           | 2 3 4 5 6 7 9 10 11 12 | 12.0
Fighting       | 4 5 6 7 8 9 |  9.0
Dodging        | 1 2 |  2.0
Shields        | 4 7 8 9 10 12 | 12.6
Armour         | 4 5 6 8 9 |  9.0
Throwing       | 1 2 3 |  3.5
Invocations    | 4 6 10 | 10.0

Action                     |  1- 3 |  4- 6 |  7- 9 | 10-12 | 13-15 || total
---------------------------+-------+-------+-------+-------+-------++-------
  Melee: War axe           |    98 |    93 |   208 |   385 |    74 ||   858
         Flail             |       |       |       |     9 |     5 ||    14
         Unarmed           |       |       |       |       |    12 ||    12
  Throw: Boomerang         |       |       |    32 |    21 |       ||    53
         Javelin           |       |       |       |    37 |    23 ||    60
 Invoke: Heroism           |       |       |     2 |    23 |     6 ||    31
         Finesse           |       |       |       |       |     1 ||     1
    Use: Scroll            |     8 |       |    10 |     4 |     1 ||    23
         Potion            |     1 |     2 |     2 |       |     2 ||     7
 Armour: Scale mail        |    55 |    12 |       |       |       ||    67
         Chain mail        |       |    33 |    38 |       |       ||    71
         Plate armour      |       |       |    52 |   204 |    31 ||   287
  Dodge: Dodged            |    45 |    32 |    56 |    93 |    36 ||   262
  Block: Buckler           |    16 |    21 |     9 |       |       ||    46
         Kite shield       |       |       |    83 |   213 |       ||   296
         Tower shield      |       |       |       |       |    59 ||    59

Table legend:
 A = Non-vault XP
 B = Vault XP
 C = Vault XP percentage of total XP
 D = Non-vault monster count
 E = Vault monster count
 F = Vault count percentage of total count
                 A         B        C        D         E       F
            +---------+---------+-------+---------+---------+-------
      Total |   33227 |    7993 |  19.4 |     234 |      57 |  19.6
            +---------+---------+-------+---------+---------+-------
        D:1 |      37 |       0 |   0.0 |      21 |       0 |   0.0
        D:2 |      33 |       0 |   0.0 |      11 |       0 |   0.0
        D:3 |      60 |      36 |  37.5 |      19 |       1 |   5.0
        D:4 |     809 |      36 |   4.3 |      27 |       1 |   3.6
        D:5 |     494 |     162 |  24.7 |      17 |       3 |  15.0
        D:6 |     678 |     559 |  45.2 |      13 |       6 |  31.6
        D:7 |    1162 |       0 |   0.0 |      16 |       0 |   0.0
        D:8 |    2922 |    1903 |  39.4 |      20 |      15 |  42.9
     Lair:1 |    6291 |    1726 |  21.5 |      21 |       4 |  16.0
     Lair:2 |    7761 |     952 |  10.9 |      30 |       6 |  16.7
     Lair:3 |    6587 |       0 |   0.0 |      20 |       0 |   0.0
     Lair:4 |    6393 |    2469 |  27.9 |      19 |      12 |  38.7
      Sewer |       0 |     150 | 100.0 |       0 |       9 | 100.0
            +---------+---------+-------+---------+---------+-------
